 Dungeon Sprint DCSS version 0.23-a0-305-g7ffd15e (webtiles) character file.

107 emperorscorpion the Poker (level 4, 0/26 HPs)
             Began as a Vine Stalker Warper on Oct 9, 2018.
             Slain by an orc wizard
             ... wielding a +0 dagger
              (1 damage)
             ... in the Dungeon (Sprint IX: "|||||||||||||||||||||||||||||").
             The game lasted 00:00:55 (57 turns).

emperorscorpion the Poker (Vine Stalker Warper)       Turns: 57, Time: 00:00:55

Health: 0/26       AC:  3    Str: 14    XL:     4   Next: 85%
Magic:  0/8        EV: 13    Int: 13    God:
Gold:   0          SH:  0    Dex: 14    Spells: 7/7 levels left

rFire    . . .     SeeInvis .   a - +0 spear
rCold    . . .     Gourm    .   (no shield)
rNeg     . . .     Faith    .   b - +0 leather armour
rPois    .         Spirit   +   (no helmet)
rElec    .         Reflect  .   (no cloak)
rCorr    .         Harm     .   (no gloves)
MR       .....     NoTele   +   (no boots)
Stlth    +.........             (no amulet)
HPRegen  0.48/turn              (no ring)
MPRegen  0.11/turn              (no ring)

@: berserk cooldown, hasted and slowed
A: fangs 2, regeneration 1, magic shield, antimagic bite, no potion heal 3, rot
immunity
a: no special abilities


You were in the Dungeon.
You were not hungry.

You visited 1 branch

Inventory:

Hand Weapons
 a - a +0 spear (weapon)
Missiles
 e - 5 tomahawks of dispersal (quivered)
Armour
 b - a +0 leather armour (worn)
Scrolls
 d - 2 scrolls of blinking
Potions
 g - a potion of curing
 h - a potion of heal wounds
 j - a potion of magic
Comestibles
 f - a ration


   Skills:
 + Level 4.7 Fighting
 + Level 5.5 Polearms
 - Level 0.8 Throwing
 + Level 1.6 Armour
 + Level 4.0 Dodging
 - Level 2.1 Spellcasting
   Level 3.0 Translocations


You had 7 spell levels left.
You didn't know any spells.
Your spell library contained the following spells:

 Spells                   Type           Power        Failure   Level  Hunger
 Blink                    Tloc           N/A          14%         2    ###....
 Shroud of Golubria       Chrm/Tloc      #.........   26%         2    ###....
 Gell's Gravitas          Tloc           #.........   26%         3    ####...
 Lesser Beckoning         Tloc           #.........   26%         3    ####...
 Teleport Other           Tloc           #.......     26%         3    ####...
 Passage of Golubria      Tloc           N/A          65%         4    #####..


Dungeon Overview and Level Annotations

Branches:
Dungeon (1/1)

Altars:


Innate Abilities, Weirdness & Mutations

You have extremely sharp teeth.
Your natural rate of healing is unusually fast.
When hurt, damage is shared between your health and your magic reserves.
Your bite disrupts and absorbs the magic of your enemies.
Potions cannot restore your health.
You are immune to rotting.


Message History

The orc wizard hits you but does no damage.
You barely miss the orc wizard.
The orc wizard is heavily wounded.
The orc wizard hits you with a dagger.
* * * LOW HITPOINT WARNING * * *
You closely miss the orc wizard. Your bite misses the orc wizard.
The orc wizard is heavily wounded.
The orc wizard hits you with a dagger.
* * * LOW HITPOINT WARNING * * *
The orc wizard gestures wildly while chanting.
The orc wizard blinks!
The phantom blinks!
Attack whom?
Press: ? - help, Dir - move target cursor, f - orc wizard
Aim: an orc wizard, wielding a dagger and wearing a robe (heavily wounded, You reach to attack!
You hit the orc wizard.
The orc wizard is heavily wounded.
You barely miss the orc wizard.
The orc wizard is heavily wounded.
The phantom blinks!
The orc wizard hits you with a dagger.
You die... ▓▓▓▓▓▓▓▓▓▓▓▓▓▓▓▓▓▓ +....@oW....§...<▓ ▓▓▓▓▓▓▓▓▓▓▓▓▓▓▓▓▓▓

You could see a phantom and an orc wizard.

Vanquished Creatures
  A phantom (D)
  A gnoll (D)
  2 bats (D)
  2 frilled lizards (D)
  2 rats (D)
8 creatures vanquished.

Notes
Turn   | Place    | Note
-------+----------+-------------------------------------------
     0 | D        | emperorscorpion the Vine Stalker Warper began the quest for
                  | the Orb.
     0 | D        | Reached XP level 1. HP: 11/11 MP: 4/4
     4 | D        | Reached skill level 2 in Polearms
    20 | D        | Noticed an orc wizard
    20 | D        | Noticed a phantom
    20 | D        | Noticed a phantom
    29 | D        | Killed a phantom
    29 | D        | Reached skill level 5 in Polearms
    29 | D        | Reached skill level 1 in Armour
    29 | D        | Reached XP level 2. HP: 18/18 MP: 6/6
    29 | D        | Reached XP level 3. HP: 21/21 MP: 7/7
    29 | D        | Gained mutation: Your natural rate of healing is unusually
                  | fast. [Vine Stalker growth]
    29 | D        | Reached XP level 4. HP: 26/26 MP: 8/8
    49 | D        | HP: 1/26 [orc wizard/magic dart (2)]
    55 | D        | HP: 1/26 [orc wizard/dagger (2)]
    57 | D        | Slain by an orc wizard

Vault maps used:
D:        linesprint

Skill      XL: |  1 |
---------------+----+-----
Fighting       | 4 |  4.7
Polearms       | 5 |  5.5
Dodging        | 4 |  4.0
Armour         | 1 |  1.6
Throwing       | |  0.8
Spellcasting   | |  2.1
Translocations | |  3.0

Action                   |  1- 3 |  4- 6 || total
-------------------------+-------+-------++-------
Melee: Spear             |    18 |    24 ||    42
       Bite              |     2 |     4 ||     6
  Use: Potion            |     1 |     2 ||     3
Armor: Leather armour    |     5 |     2 ||     7
Dodge: Dodged            |     1 |    11 ||    12

Table legend:
 A = Non-vault XP
 B = Vault XP
 C = Vault XP percentage of total XP
 D = Non-vault monster count
 E = Vault monster count
 F = Vault count percentage of total count
                 A         B        C        D         E       F
            +---------+---------+-------+---------+---------+-------
      Total |       0 |     153 | 100.0 |       0 |       8 | 100.0
            +---------+---------+-------+---------+---------+-------
          D |       0 |     153 | 100.0 |       0 |       8 | 100.0
            +---------+---------+-------+---------+---------+-------
